 Dungeon Crawl Stone Soup version 0.29-a0-468-ge57f7f99b4 (webtiles) character file.

Game seed: 13135927818314541856

100 Pelinal the Digger (level 4, -7/24 HPs)
             Began as a Gargoyle Earth Elementalist on May 22, 2022.
             Killed by divine providence
             ... invoked by an orc priest
              (10 damage)
             ... on level 3 of the Dungeon.
             The game lasted 00:04:00 (2374 turns).

Pelinal the Digger (Gargoyle Earth Elementalist)    Turns: 2374, Time: 00:04:00

Health: -7/24      AC:  7    Str: 11    XL:     4   Next: 74%
Magic:  6/7        EV: 12    Int: 18    God:
Gold:   105        SH:  0    Dex: 10    Spells: 6/7 levels left

rFire   . . .      SeeInvis .   f - +0 dagger
rCold   . . .      Faith    .   (no shield)
rNeg    + . .      Spirit   .   b - +0 robe
rPois   ∞          Reflect  .   (no helmet)
rElec   +          Harm     .   (no cloak)
rCorr   .          Rampage  .   l - +0 pair of gloves
Will    .....                   q - +0 pair of boots
Stlth   ++........              (no amulet)
HPRegen 0.08/turn               (no ring)
MPRegen 0.10/turn               (no ring)

@: no status effects
A: sickness immunity, AC +3, negative energy resistance 1, electricity
resistance, torment resistance 1, petrification resistance
a: no special abilities


You were on level 3 of the Dungeon.
You visited 1 branch of the dungeon, and saw 3 of its levels.

You collected 105 gold pieces.

Inventory:

Hand Weapons
 e - a +0 short sword
 f - a +0 dagger (weapon)
Missiles
 a - 53 stones
 o - 6 poisoned darts
Armour
 b - a +0 robe (worn)
 i - a +0 kite shield
 l - a +0 pair of gloves (worn)
 m - a +0 leather armour
 q - a +0 pair of boots (worn)
Scrolls
 h - 3 scrolls of identify
 j - a scroll of blinking {unknown}
 r - a scroll of torment {unknown}
 s - a scroll of enchant armour {unknown}
 t - a scroll of immolation {unknown}
Potions
 c - a potion of magic
 d - a potion of might {unknown}
 g - a potion of attraction {unknown}
 k - 2 potions of curing
 n - a potion of heal wounds {unknown}
 p - 2 potions of brilliance


   Skills:
 - Level 1.8 Dodging
 - Level 2.5 Stealth
 - Level 2.1 Spellcasting
 - Level 1.1 Transmutations
 + Level 5.8 Earth Magic


You had 6 spell levels left.
You knew the following spells:

 Your Spells              Type           Power      Damage    Failure   Level
a - Sandblast             Erth           46%        2d11      1%          1

Your spell library contained the following spells:

 Spells                   Type           Power      Damage    Failure   Level
 Passwall                 Tmut/Erth      11%        N/A       6%          2
 Stone Arrow              Conj/Erth      24%        3d8       16%         3
 Petrify                  Tmut/Erth      14%        N/A       38%         4


Dungeon Overview and Level Annotations

Branches:
Dungeon (3/15)

Altars:
Elyvilon
Nemelex Xobeh

Annotations:
D:2 exclusion: 3 gnolls


Innate Abilities, Weirdness & Mutations

You are immune to sickness and miasma.
Your stone body is resilient. (AC +3)
You are immune to poison.
You resist negative energy. (rN+)
You are resistant to electric shocks. (rElec)
You are resistant to unholy torment.
You are immune to petrification.


Message History

The blast of sand hits the orc priest but does no damage.
Unknown command.
Casting: Sandblast (safe; 1% risk of failure)
Confirm with . or Enter, or press ? or * to list all spells.
Aiming: Sandblast (safe; 1% risk of failure)
Press: ? - help, Shift-Dir - straight line, f/p - orc priest
Aim: an orc priest, wielding a +0 whip and wearing a +0 leather armour (81% to hit)
The blast of sand hits the orc priest.
The orc priest is moderately wounded.
The orc priest hits you but does no damage.
Casting: Sandblast (safe; 1% risk of failure)
Confirm with . or Enter, or press ? or * to list all spells.
Aiming: Sandblast (safe; 1% risk of failure)
Press: ? - help, Shift-Dir - straight line, f/p - orc priest
Aim: an orc priest, wielding a +0 whip and wearing a +0 leather armour (moderately wounded, 81% to hit)
The blast of sand hits the orc priest but does no damage.
The orc priest is moderately wounded.
Unknown command.
You closely miss the orc. You hit the orc.
The orc is lightly wounded.
The orc priest calls down the wrath of Beogh upon you.
Beogh smites you!
The orc hits you with a +2 whip of draining.
* * * LOW HITPOINT WARNING * * *
Unknown command.
Magic courses through your body.
The orc hits you with a +2 whip of draining.
* * * LOW HITPOINT WARNING * * *
Casting: Sandblast (safe; 1% risk of failure)
Confirm with . or Enter, or press ? or * to list all spells.
Aiming: Sandblast (safe; 1% risk of failure)
Press: ? - help, Shift-Dir - straight line, f/p - orc priest
Aim: an orc priest, wielding a +0 whip and wearing a +0 leather armour (moderately wounded, 81% to hit)
The blast of sand hits the orc.
The orc is heavily wounded.
The orc hits you but does no damage.
The orc priest mumbles some strange prayers to Beogh against you.
Beogh smites you!
You die...

#...## ##...#
#...## ##...#
..... #...# .....
##..## ....o.
#...#
......########..#
..$...#.)oo@...>#
##........#######
.'........#
#..$.....#
#.......[#
#........#
..###.....# .
+.....# #.....#


You could see an orc priest and an orc.

Vanquished Creatures
  An iguana (D:2)
  An adder (D:2)
  A worm (D:2)
  2 dart slugs
  4 orcs (D:3)
  3 giant cockroaches
  8 goblins
  3 hobgoblins
  4 jackals (D:1)
  A quokka (D:2)
  2 ball pythons
  5 bats
  5 frilled lizards
  6 kobolds
  6 rats
52 creatures vanquished.

Notes
Turn   | Place    | Note
-------+----------+-------------------------------------------
     0 | D:1      | Pelinal the Gargoyle Earth Elementalist began the quest for
                  | the Orb.
     0 | D:1      | Reached XP level 1. HP: 10/10 MP: 3/3
   132 | D:1      | Reached skill level 1 in Transmutations
   132 | D:1      | Reached XP level 2. HP: 10/15 MP: 0/5
   617 | D:1      | Reached skill level 4 in Earth Magic
   705 | D:1      | Reached XP level 3. HP: 15/19 MP: 0/6
   845 | D:1      | Found a faded altar of an unknown god.
  1523 | D:2      | Reached skill level 5 in Earth Magic
  1631 | D:2      | Reached XP level 4. HP: 23/24 MP: 3/7
  2165 | D:3      | Found a white marble altar of Elyvilon.
  2165 | D:3      | Found a sparkling altar of Nemelex Xobeh.
  2374 | D:3      | Killed from afar by an orc priest

Illustrated notes

Levels and vault maps discovered:
D:1:      amcnicky_arrival_underground_garden, layout_basic,
          serial_corexii_hall, corexii_hall_statues_l,
          chequers_hall_statues_corner_a, ebering_ecumenical_altar_rust,
          minmay_pentomino_z4
D:2:      layout_rooms
D:3:      layout_basic, tso_altar, amethyst_overflow_temple_binary,
          minmay_pentomino_pile

Skill      XL: |  1  2  3 |
---------------+----------+-----
Transmutations | 1 |  1.1
Earth Magic    | 4 5 |  5.8
Dodging        | |  1.8
Stealth        | |  2.5
Spellcasting   | |  2.1

Action                   |  1- 3 |  4- 6 || total
-------------------------+-------+-------++-------
Melee: Short sword       |     3 |       ||     3
       Club              |     1 |       ||     1
       Dagger            |    52 |    18 ||    70
 Cast: Sandblast         |    43 |    16 ||    59
  Use: Scroll            |       |     2 ||     2
       Potion            |       |     1 ||     1
 Stab: Sleeping          |     3 |     3 ||     6
Armor: Robe              |    31 |     8 ||    39
Dodge: Dodged            |    45 |    11 ||    56

Table legend: (Time is in decaauts)
 A = Elapsed time spent in this place.
 B = Non-inter-level travel time spent in this place.
 C = Inter-level travel time spent in this place.
 D = Time resting spent in this place.
 E = Time spent auto-exploring this place.
 F = Levels seen in this place.
 G = Mean time per level.
                   A        B        C        D        E       F      G
               +--------+--------+--------+--------+--------+-----+--------+
         Total |   2372 |   2311 |     61 |    482 |   1336 |   3 |  790.7 |
       Dungeon |   2372 |   2311 |     61 |    482 |   1336 |   3 |  790.7 |
               +--------+--------+--------+--------+--------+-----+--------+

Top non-repeatable levels by time:
     D:1: 1320 daAuts
     D:2: 775 daAuts
     D:3: 276 daAuts
